 Dungeon Sprint DCSS version 0.23.2-30-g0e89c35 (webtiles) character file.

Game seed: 11872425015359794146

12 Fang the Skirmisher (level 2, 0/30 HPs)
             Began as a Gargoyle Berserker on June 10, 2019.
             Was a Follower of Trog.
             Slain by a tarantella (8 damage)
             ... in the Dungeon (Sprint V: "Ziggurat Sprint").
             The game lasted 00:00:52 (111 turns).

Fang the Skirmisher (Gargoyle Berserker)             Turns: 111, Time: 00:00:53

Health: 0/30       AC: 29    Str: 37    XL:     2   Next: 33%
Magic:  2/2        EV:  9    Int:  7    God:    Trog [*.....]
Gold:   0          SH:  0    Dex:  9    Spells: 1/1 levels left

rFire    . . .     SeeInvis .   a - +5 executioner's axe
rCold    . . .     Gourm    .   (shield currently unavailable)
rNeg     + . .     Faith    .   b - +15 Maxwell's patent armour {-Cast -Tele rElec MR+ rCorr}
rPois    ∞         Spirit   .   (no helmet)
rElec    +         Reflect  .   (no cloak)
rCorr    +         Harm     .   (no gloves)
MR       +....     NoTele   +   (no boots) Stlth ..........NoCast +
                                (no amulet)
HPRegen  0.10/turn              C - +6 ring of strength
MPRegen  0.08/turn              B - +6 ring of strength

@: confused, berserking (expiring), very quick
A: negative energy resistance 1, electricity resistance, unbreathing,
petrification resistance, rot immunity, AC +2
a: Berserk, Renounce Religion


You were in the Dungeon.
You worshipped Trog.
Trog was aware of your devotion.
You were not hungry.

You visited 1 branch

Inventory:

Hand Weapons
 a - a +5 executioner's axe (weapon)
 D - a +5 battleaxe
 E - a +5 broad axe
Armour
 b - the +15 Maxwell's patent armour (worn) {-Cast -Tele rElec MR+ rCorr}
   (You found it in the Dungeon)

   It insulates you from electricity.
   It affects your resistance to hostile enchantments.
   It prevents spellcasting.
   It prevents most forms of teleportation.
   It provides partial protection from all sources of acid and corrosion.
Jewellery
 B - a +6 ring of strength (right hand)
 C - a +6 ring of strength (left hand)
Wands
 u - a wand of disintegration (7)
 v - a wand of iceblast (7)
 w - a wand of acid (7)
Scrolls
 i - 4 scrolls of blinking
 j - 7 scrolls of fog
 k - a scroll of holy word
 l - 5 scrolls of identify
 m - 5 scrolls of remove curse
 n - 2 scrolls of fear
Potions
 d - 10 potions of curing
 e - 10 potions of heal wounds
 f - 6 potions of haste
 h - 3 potions of berserk rage
 p - 2 potions of invisibility
 q - 4 potions of resistance
 r - a potion of experience
 t - 5 potions of might
Comestibles
 c - 7 rations


   Skills:
 + Level 4.1 Fighting
 + Level 3.3 Axes
 + Level 3.2 Armour
 + Level 2.4 Dodging


You had one spell level left.
You didn't know any spells.
Your spell library was empty.

Dungeon Overview and Level Annotations

Branches:
Dungeon (1/1)

Altars:
Ashenzari
Cheibriados
Dithmenos
Elyvilon
Fedhas
Gozag
Hepliaklqana
Kikubaaqudgha
Makhleb
Nemelex Xobeh
Okawaru
Qazlal
Ru
Sif Muna
Trog
Uskayaw
Vehumet
Wu Jian
Xom
Yredelemnul
Zin
The Shining One
Beogh
Jiyva
Lugonu

Annotations:
D 1 transporter


Innate Abilities, Weirdness & Mutations

You are resistant to torment.
Your stone body is resilient. (AC +2)
You are immune to poison.
You resist negative energy. (rN+)
You are resistant to electric shocks. (rElec)
You can survive without breathing.
You are immune to petrification.
You are immune to rotting.


Message History

The tarantella closely misses you. The scorpion barely misses you.
You closely miss the tarantella. You miss the tarantella.
You closely miss the scorpion.
The tarantella bites you but does no damage. x2
The tarantella bites you.
* * * LOW HITPOINT WARNING * * *
You are confused.
The scorpion stings you.
* * * LOW HITPOINT WARNING * * *
The tarantella barely misses you.
You barely miss the tarantella. x2; You closely miss the scorpion.
The tarantella bites you but does no damage.
The tarantella barely misses you. The scorpion closely misses you.
The tarantella closely misses you.
The tarantella bites you but does no damage.
You barely miss the tarantella. You barely miss the scorpion.
You closely miss the tarantella. The tarantella closely misses you.
The scorpion closely misses you. The tarantella closely misses you.
The tarantella bites you!
You die...

▓▓▓▓▓▓▓▓▓▓▓▓▓
▓.8©8.▓.8©8.▓
▓.[:}.▓.....▓
▓.....▓.[.}.▓
▓.....▓.....▓
▓.sss.▓.....▓
▓..@..▓..©..▓
▓..©..▓▓▓▓▓▓▓
▓▓▓▓▓▓▓


You could see 2 tarantellas and a scorpion.

Vanquished Creatures
  A white imp (D)
  An ufetubus (D)
2 creatures vanquished.

Notes
Turn   | Place    | Note
-------+----------+-------------------------------------------
     0 | D        | Found the +6 Majin-Bo {vamp, Archmagi MP+6 Int+6}
     0 | D        | Found the +7 great mace "Firestarter" {inner flame, rF++}
     0 | D        | Fang the Gargoyle Berserker began the quest for the Orb.
     0 | D        | Reached XP level 1. HP: 14/14 MP: 1/1
     3 | D        | Found a blossoming altar of Fedhas.
     4 | D        | Found a viscous altar of Jiyva.
     4 | D        | Found a transporter.
     4 | D        | Found a hazy altar of Hepliaklqana.
     4 | D        | Found an ancient bone altar of Kikubaaqudgha.
     4 | D        | Found an opulent altar of Gozag.
     4 | D        | Found a corrupted altar of Lugonu.
    14 | D        | Found a burning altar of Makhleb.
    16 | D        | Found an iron altar of Okawaru.
    16 | D        | Found a stormy altar of Qazlal.
    16 | D        | Found a sparkling altar of Nemelex Xobeh.
    16 | D        | Found a sacrificial altar of Ru.
    16 | D        | Found a deep blue altar of Sif Muna.
    21 | D        | Found the +9 heavy crossbow "Sniper" {velocity, Acc+∞ SInv}
    21 | D        | Found the +10 dark maul {crush}
    21 | D        | Found the +15 Maxwell's patent armour {-Cast -Tele rElec
                  | MR+ rCorr}
    21 | D        | Found the +18 shield of the Gong {rElec rN+ MR+ EV-5}
    21 | D        | Found the cursed +14 obsidian axe {chop, +Fly SInv *Curse}
    31 | D        | Found a bloodstained altar of Trog.
    91 | D        | Entered arena 2.
    91 | D        | Found a transporter.
    95 | D        | Reached XP level 2. HP: 20/20 MP: 2/2
    95 | D        | Reached skill level 4 in Fighting
   101 | D        | Entered arena 3.
   101 | D        | Noticed a tarantella
   101 | D        | Noticed a tarantella
   101 | D        | Noticed a scorpion
   101 | D        | Found a transporter.
   111 | D        | Slain by a tarantella

Skill      XL: |  1  2 |
---------------+-------+-----
Axes           | 3 |  3.3
Armour         | 3 |  3.2
Dodging        | 2 |  2.4
Fighting       | 4 |  4.1

Action                   || total
-------------------------++-------
Melee: Executioner's axe ||    11
Invok: Berserk           ||     1
Armor: Plate armour      ||    24
Dodge: Dodged            ||    18
